 Dungeon Crawl Stone Soup version 0.31-a0-182-gc5ef74bbde (webtiles) character file.

Game seed: 7119034362293614819

5040 qw the Cleaver (level 10, -1/64 HPs)
             Began as a Gargoyle Fighter on June 20, 2023.
             Was a Believer of Okawaru.
             Slain by a skeletal warrior
             ... wielding a +0 long sword
              (11 damage)
             ... on level 8 of the Dungeon.
             The game lasted 00:03:36 (7868 turns).

qw the Cleaver (Gargoyle Fighter)                   Turns: 7868, Time: 00:03:37

Health: -1/64      AC: 23    Str: 23    XL:     10   Next: 55%
Magic:  12/13      EV: 12    Int: 13    God:    Okawaru [**....]
Gold:   486        SH:  6    Dex: 15    Spells: 9/9 levels left

rFire   . . .        l - +3 war axe (freeze)
rCold   + . .        c - +0 buckler
rNeg    + . .        f - +2 chain mail {Will+}
rPois   inf          j - +1 helmet {Int+3}
rElec   +            (no cloak)
rCorr   .            (no gloves)
SInv    .            (no boots)
Will    +....        u - amulet of faith Stlth
                     q - ring of protection from cold
HPRegen 0.30/turn    v - +6 ring of dexterity
MPRegen 0.13/turn

%: faith
@: about to teleport, heroic
A: sickness immunity, AC +7, negative energy resistance 1, electricity
resistance, torment resistance 1, petrification resistance
a: Renounce Religion, Heroism


You were on level 8 of the Dungeon.
You worshipped Okawaru.
Okawaru was pleased with you.
You visited 2 branches of the dungeon, and saw 9 of its levels.

You collected 486 gold pieces.


Innate Abilities, Weirdness & Mutations

You are immune to sickness and miasma.
Your stone body is resilient. (AC +7)
You are immune to poison.
You resist negative energy. (rN+)
You are resistant to electric shocks. (rElec)
You are resistant to unholy torment.
You are immune to petrification.


   Skills:
 + Level 7.9(12.9) Fighting
 - Level 10.2(15.2) Axes
 - Level 3.5(8.5) Throwing
 - Level 6.0(11.0) Armour
 - Level 2.7(7.7) Dodging
 - Level 4.1(9.1) Shields
 - Level 4.0 Invocations


You had 9 spell levels left.
You didn't know any spells.
Your spell library was empty.

Inventory:

Hand Weapons
 l - a +3 war axe of freezing (weapon)
 o - a +0 heavy flail
Missiles
 s - 2 silver javelins
 y - 7 boomerangs
 z - 9 javelins
Armour
 c - a +0 buckler (worn)
 f - a +2 chain mail of willpower (worn)
 j - a +1 helmet of intelligence (worn)
 w - a +0 plate armour
Jewellery
 i - an amulet of reflection
 p - a ring of ice
 q - a ring of protection from cold (left hand)
 u - an amulet of faith (around neck)
 v - a +6 ring of dexterity (right hand)
Scrolls
 b - 3 scrolls of teleportation
 e - a scroll of identify
Potions
 a - a potion of resistance
 d - 3 potions of might
 g - 2 potions of lignification
 h - a potion of cancellation
 m - 2 potions of attraction
 n - 3 potions of curing
 r - a potion of mutation {unknown}
 t - a potion of enlightenment
 x - a potion of berserk rage {unknown}

Dungeon Overview and Level Annotations

Branches:
Dungeon (8/15)             Temple (1/1) D:5
   Lair: D:8-11

Altars:
Ashenzari
Dithmenos
Elyvilon
Hepliaklqana
Kikubaaqudgha
Nemelex Xobeh
Okawaru
Qazlal
Sif Muna
Trog
Uskayaw
Vehumet
Wu Jian
Xom
Yredelemnul
Zin
The Shining One

Annotations:
D:5 1 runed translucent door, Crazy Yiuf


Message History

Enter note:
Enter note:
Enter note:
Enter note:
Enter note:
Enter note:
Enter note:
Enter note:
Enter note:
Enter note:
7864 ||| READING 4 scrolls of teleportation.
As you read the scroll of teleportation, it crumbles to dust.
You feel strangely unstable. The centaur warrior barely misses you.
The centaur warrior kicks you but does no damage.
The skeletal warrior hits you with a +0 long sword!
The centaur warrior closely misses you. The centaur warrior kicks you.
7865 ||| DRINKING 2 potions of heal wounds.
You feel much better.
The centaur warrior hits you with a +0 hand axe!
The centaur warrior kicks you but does no damage.
The skeletal warrior hits you but does no damage.
7866 ||| DRINKING potion of heal wounds.
You feel much better.
The centaur warrior hits you but does no damage.
The centaur warrior kicks you but does no damage.
The skeletal warrior hits you with a +0 long sword!
The centaur warrior hits you with a +0 hand axe.
The centaur warrior kicks you.
You hit the centaur warrior but do no damage.
You hit the skeletal warrior but do no damage.
The centaur warrior barely misses you. The centaur warrior kicks you.
The skeletal warrior completely misses you.
You slash the centaur warrior! You freeze the centaur warrior.
The centaur warrior is moderately wounded.
You hit the skeletal warrior but do no damage.
You block the centaur warrior's attack.
The centaur warrior kicks you but does no damage.
The skeletal warrior hits you with a +0 long sword!
You die...

#......) .. #.......
####' ######## ..#.
##. ..' #.. .. #####.#
##'# #####.....# #z.#
###....>..###
##@####....###.....
#c......##%...#....
#.....#!...).......#.#
#.......########.<.#..
#.....### ###.###
#.....# #[# # #.....#
##%### ####### ##..(..
##......


You could see a skeletal warrior and a centaur warrior.

Vanquished Creatures
  A cyclops (D:8)
  2 manticores (D:8)
  A tengu conjurer (D:8)
  Prince Ribbit (D:4)
  A vampire (D:8)
  A culicivora (shapeshifter) (D:8)
  Eustachio (D:5)
  A basilisk (D:8)
  5 yaks (D:8)
  3 water moccasins
  An orc warrior (D:8)
  A sky beast (D:6)
  2 black bears
  A centaur (D:6)
  Blork the orc (D:6)
  4 kobold brigands
  2 bullfrogs
  2 scorpions
  4 wights (D:8)
  3 jellies
  An orc priest (D:7)
  4 hounds
  3 iguanas
  6 orc wizards
  3 adders
  A shadow imp (D:6)
  An ufetubus (D:6)
  2 worms
  2 dart slugs
  29 orcs
  5 ball pythons
  8 bats
  4 endoplasms
  9 goblins
  8 hobgoblins
  6 jackals (D:3)
  A quokka (D:3)
  6 frilled lizards (D:2)
  29 kobolds
  3 rats
169 creatures vanquished.

Vanquished Creatures (others)
  An orc wizard (D:5)
1 creature vanquished.

Grand Total: 170 creatures vanquished

Notes
Turn   | Place    | Note
-------+----------+-------------------------------------------
     0 | D:1      | qw the Gargoyle Fighter began the quest for the Orb.
     0 | D:1      | Reached XP level 1. HP: 14/14 MP: 1/1
     0 | D:1      | 0 ||| qw: Version: 0.3-a-9-g12657ce
     0 | D:1      | 0 ||| qw: Game counter: 1312
     0 | D:1      | 0 ||| qw: Always use a shield: true
     0 | D:1      | 0 ||| qw: God list: Okawaru
     0 | D:1      | 0 ||| qw: Allow faded altars: false
     0 | D:1      | 0 ||| qw: Do Orc after D:15 true
     0 | D:1      | 0 ||| qw: Do second Lair branch before Depths: true
     0 | D:1      | 0 ||| qw: Lair rune preference: random
     0 | D:1      | 0 ||| qw: Plans: Normal, Zot:1-4, Slime:5, God:TSO, Crypt,
                  | Tomb, Abyss, Pan, Hells, Win
     0 | D:1      | 0 ||| PLANNING D:1-11
    48 | D:1      | Reached skill level 2 in Axes
    87 | D:1      | Reached XP level 2. HP: 19/19 MP: 2/2
   129 | D:1      | 129 ||| Stepping ~*~*~tactically~*~*~ (stealth).
   136 | D:1      | 136 ||| Stepping ~*~*~tactically~*~*~ (hiding).
   138 | D:1      | 138 ||| Stepping ~*~*~tactically~*~*~ (hiding).
   346 | D:1      | Reached skill level 3 in Axes
   350 | D:1      | Reached XP level 3. HP: 23/23 MP: 3/3
   468 | D:1      | 468 ||| DROPPING +0 club.
   569 | D:1      | 569 ||| UPGRADING to +1 helmet of intelligence.
   574 | D:1      | 574 ||| READING scroll labelled MAPPAU JEDU.
   575 | D:1      | 575 ||| READING scroll labelled NEAMUNATU LIBE.
  1520 | D:2      | 1520 ||| READING scroll labelled JETA OREZUM.
  1521 | D:2      | 1521 ||| READING scroll labelled EXI ORRUXIR.
  1522 | D:2      | 1522 ||| DRINKING 2 glowing puce potions.
  1523 | D:2      | 1523 ||| DRINKING 2 yellow potions.
  1524 | D:2      | 1524 ||| READING 2 scrolls of identify.
  1524 | D:2      | 1524 ||| IDENTIFYING grey potion
  1525 | D:2      | 1525 ||| DROPPING potion of invisibility.
  1598 | D:3      | 1598 ||| Stepping ~*~*~tactically~*~*~ (hiding).
  1621 | D:3      | Reached skill level 4 in Axes
  1621 | D:3      | Reached XP level 4. HP: 23/28 MP: 4/4
  1812 | D:3      | 1812 ||| Stepping ~*~*~tactically~*~*~ (stealth).
  1813 | D:3      | 1813 ||| Stepping ~*~*~tactically~*~*~ (stealth).
  1817 | D:3      | 1817 ||| Stepping ~*~*~tactically~*~*~ (stealth).
  2322 | D:3      | Reached XP level 5. HP: 19/32 MP: 5/5
  2471 | D:3      | 2471 ||| UPGRADING to +2 chain mail of willpower.
  2481 | D:3      | 2481 ||| DROPPING +0 scale mail.
  2482 | D:3      | 2482 ||| READING scroll labelled GEUN PAFIER.
  2483 | D:3      | 2483 ||| DRINKING 2 sedimented inky potions.
  2558 | D:4      | Found a white marble altar of Elyvilon.
  2600 | D:4      | Reached skill level 5 in Axes
  2696 | D:4      | Reached XP level 6. HP: 21/38 MP: 6/6
  2808 | D:4      | Found a shadowy altar of Dithmenos.
  3190 | D:4      | 3190 ||| UPGRADING to ring of protection from cold.
  3191 | D:4      | 3191 ||| READING scroll labelled OSTUIF QICRETO.
  3192 | D:4      | 3192 ||| READING scroll labelled QOTETI QUR ESUA.
  3193 | D:4      | 3193 ||| READING scroll labelled DANUEXKALL.
  3216 | D:5      | Entered Level 5 of the Dungeon
  3216 | D:5      | Noticed Prince Ribbit
  3216 | D:5      | Noticed a water moccasin
  3226 | D:5      | 3226 ||| STAIRDANCE
  3230 | D:4      | Killed a water moccasin
  3231 | D:4      | Reached skill level 6 in Axes
  3242 | D:5      | 3242 ||| STAIRDANCE
  3249 | D:4      | Killed Prince Ribbit
  3250 | D:4      | Reached XP level 7. HP: 19/43 MP: 7/7
  3359 | D:5      | Found a staircase to the Ecumenical Temple.
  3360 | D:5      | 3360 ||| PLANNING TEMPLE
  3368 | Temple   | Entered the Ecumenical Temple
  3423 | Temple   | 3423 ||| PLANNING OKAWARU WORSHIP
  3592 | Temple   | Became a worshipper of Warmaster Okawaru
  3593 | Temple   | 3593 ||| PLANNING D:1-11
  3988 | D:5      | Found a runed translucent door.
  3989 | D:5      | Noticed Crazy Yiuf
  4076 | D:5      | Noticed Eustachio
  4082 | D:5      | 4082 ||| Stepping ~*~*~tactically~*~*~ (stealth).
  4108 | D:5      | 4108 ||| Stepping ~*~*~tactically~*~*~ (stealth).
  4128 | D:5      | Killed Eustachio
  4176 | D:5      | Reached skill level 7 in Axes
  4213 | D:5      | Reached XP level 8. HP: 44/48 MP: 8/8
  4386 | D:5      | 4386 ||| Stepping ~*~*~tactically~*~*~ (hiding).
  4813 | D:5      | 4813 ||| Stepping ~*~*~tactically~*~*~ (stealth).
  4816 | D:5      | 4816 ||| Stepping ~*~*~tactically~*~*~ (stealth).
  4821 | D:5      | 4821 ||| Stepping ~*~*~tactically~*~*~ (stealth).
  4831 | D:5      | 4831 ||| Stepping ~*~*~tactically~*~*~ (stealth).
  4832 | D:5      | 4832 ||| DROPPING +0 flail.
  4834 | D:5      | 4834 ||| Stepping ~*~*~tactically~*~*~ (stealth).
  5146 | D:5      | 5146 ||| READING scroll labelled MYZASI BUBOEH.
  5146 | D:5      | Identified a scroll of acquirement
  5146 | D:5      | 5146 ||| ACQUIRING amulet of reflection
  5146 | D:5      | Acquired an amulet of reflection
  5148 | D:5      | 5148 ||| UPGRADING to amulet of reflection.
  5153 | D:5      | 5153 ||| DRINKING 2 lumpy white potions.
  5188 | D:5      | 5188 ||| READING 2 scrolls of identify.
  5188 | D:5      | 5188 ||| IDENTIFYING clear potion
  5292 | D:6      | 5292 ||| STAIRDANCE
  5298 | D:5      | Reached * piety under Okawaru
  5299 | D:5      | Reached skill level 8 in Axes
  5503 | D:6      | 5503 ||| Stepping ~*~*~tactically~*~*~ (stealth).
  5519 | D:6      | 5519 ||| INVOKING Heroism.
  5520 | D:6      | 5520 ||| INVOKING Heroism.
  5526 | D:6      | Reached skill level 1 in Throwing
  5526 | D:6      | Reached skill level 1 in Invocations
  5651 | D:6      | Found an ancient bone altar of Kikubaaqudgha.
  5656 | D:6      | 5656 ||| Stepping ~*~*~tactically~*~*~ (stealth).
  5668 | D:6      | 5668 ||| INVOKING Heroism.
  5675 | D:6      | Reached skill level 3 in Invocations
  5785 | D:6      | Noticed Blork the orc
  5786 | D:6      | 5786 ||| INVOKING Heroism.
  5801 | D:6      | Killed Blork the orc
  5802 | D:6      | Reached XP level 9. HP: 52/55 MP: 9/11
  6008 | D:6      | 6008 ||| READING scroll labelled UTE XO MAGECI.
  6009 | D:6      | 6009 ||| READING 3 scrolls of identify.
  6009 | D:6      | 6009 ||| IDENTIFYING emerald potion
  6010 | D:6      | 6010 ||| READING 2 scrolls of identify.
  6010 | D:6      | 6010 ||| IDENTIFYING murky golden potion
  6039 | D:7      | 6039 ||| INVOKING Heroism.
  6042 | D:7      | Reached skill level 6 in Fighting
  6160 | D:7      | 6160 ||| Stepping ~*~*~tactically~*~*~ (stealth).
  6163 | D:7      | 6163 ||| Stepping ~*~*~tactically~*~*~ (stealth).
  6165 | D:7      | 6165 ||| Stepping ~*~*~tactically~*~*~ (hiding).
  6211 | D:7      | Found an ornate altar of the Wu Jian Council.
  6405 | D:7      | 6405 ||| INVOKING Heroism.
  6900 | D:7      | 6900 ||| UPGRADING to amulet of faith.
  7007 | D:8      | 7007 ||| Stepping ~*~*~tactically~*~*~ (hiding).
  7015 | D:8      | 7015 ||| Stepping ~*~*~tactically~*~*~ (hiding).
  7026 | D:8      | 7026 ||| Stepping ~*~*~tactically~*~*~ (hiding).
  7108 | D:8      | Reached skill level 9 in Axes
  7180 | D:8      | 7180 ||| SWAPPING to +3 war axe of freezing.
  7181 | D:8      | 7181 ||| DROPPING +1 war axe.
  7187 | D:8      | 7187 ||| Stepping ~*~*~tactically~*~*~ (stealth).
  7188 | D:8      | Found a flagged portal.
  7189 | D:8      | Noticed a manticore
  7190 | D:8      | 7190 ||| INVOKING Heroism.
  7202 | D:8      | Reached skill level 3 in Throwing
  7203 | D:8      | Reached ** piety under Okawaru
  7216 | D:8      | 7216 ||| INVOKING Heroism.
  7218 | D:8      | Killed a manticore
  7219 | D:8      | Reached XP level 10. HP: 28/63 MP: 10/13
  7356 | D:8      | 7356 ||| Stepping ~*~*~tactically~*~*~ (hiding).
  7357 | D:8      | 7357 ||| INVOKING Heroism.
  7487 | D:8      | 7487 ||| Stepping ~*~*~tactically~*~*~ (stealth).
  7488 | D:8      | 7488 ||| Stepping ~*~*~tactically~*~*~ (stealth).
  7493 | D:8      | Noticed a cyclops
  7494 | D:8      | 7494 ||| INVOKING Heroism.
  7497 | D:8      | Killed a cyclops
  7498 | D:8      | Reached skill level 10 in Axes
  7499 | D:8      | 7499 ||| Stepping ~*~*~tactically~*~*~ (stealth).
  7500 | D:8      | 7500 ||| Stepping ~*~*~tactically~*~*~ (stealth).
  7631 | D:8      | Noticed a manticore
  7632 | D:8      | 7632 ||| Stepping ~*~*~tactically~*~*~ (hiding).
  7633 | D:8      | 7633 ||| Stepping ~*~*~tactically~*~*~ (hiding).
  7635 | D:8      | 7635 ||| INVOKING Heroism.
  7645 | D:8      | Killed a manticore
  7646 | D:8      | Reached skill level 6 in Armour
  7688 | D:8      | 7688 ||| INVOKING Heroism.
  7721 | D:8      | Noticed a skeletal warrior
  7722 | D:8      | 7722 ||| FLEEEEING.
  7727 | D:8      | 7727 ||| STAIRDANCE
  7848 | D:7      | 7848 ||| UPGRADING to +6 ring of dexterity.
  7857 | D:8      | Noticed a centaur warrior
  7860 | D:8      | 7860 ||| INVOKING Heroism.
  7863 | D:8      | HP: 16/64 [skeletal warrior/+0 long sword (8)]
  7864 | D:8      | 7864 ||| READING 4 scrolls of teleportation.
  7864 | D:8      | HP: 4/64 [skeletal warrior/+0 long sword (13)]
  7865 | D:8      | 7865 ||| DRINKING 2 potions of heal wounds.
  7866 | D:8      | 7866 ||| DRINKING potion of heal wounds.
  7868 | D:8      | Slain by a skeletal warrior

Levels and vault maps discovered:
D:1:      ebering_trefoil_3fold, layout_rooms, st_stairs_6
D:2:      layout_basic, minmay_lizard_pond
D:3:      layout_basic
D:4:      layout_basic, general_overflow_altar, elyvilon_altar_1
D:5:      layout_loops_corners, minmay_temple_entry_antechambers, serial_rivers,
          chequers_serial_rivers_large_b, chequers_serial_rivers_large_a,
          chequers_serial_rivers_micro_c, chequers_serial_rivers_micro_c,
          chequers_serial_rivers_micro_b, chequers_serial_rivers_micro_c,
          uniq_crazy_yiuf_cottage, uniq_eustachio, uniq_prince_ribbit1
D:6:      layout_rooms, nicolae_kikubaaqudgha_miasma_corner, uniq_blork_the_orc
D:7:      layout_basic, kennysheep_mini_moat
D:8:      layout_rooms, enter_bailey_5, minmay_evil_grid
Temple:   nicolae_temple_figure_eight

Skill      XL: |  1  2  3  4  5  6  7  8  9 10 |
---------------+-------------------------------+-----
Axes           | 2 3 4 5 6 7 8 9 10 | 10.2
Fighting       | 4 5 7 |  7.9
Dodging        | 2 |  2.7
Throwing       | 2 3 |  3.5
Invocations    | 3 4 |  4.0
Armour         | 4 6 |  6.0
Shields        | 4 |  4.1

Action                     |  1- 3 |  4- 6 |  7- 9 | 10-12 || total
---------------------------+-------+-------+-------+-------++-------
  Melee: War axe           |   113 |   160 |   328 |    55 ||   656
  Throw: Javelin           |       |       |    22 |       ||    22
 Invoke: Heroism           |       |       |     7 |     5 ||    12
    Use: Scroll            |     5 |     4 |     5 |     1 ||    15
         Potion            |     2 |     1 |     1 |     2 ||     6
 Armour: Scale mail        |    75 |    49 |       |       ||   124
         Chain mail        |       |    30 |   206 |    37 ||   273
  Dodge: Dodged            |    50 |    64 |   117 |    29 ||   260
  Block: Buckler           |    24 |    29 |    92 |    14 ||   159
         Reflection        |       |       |     4 |       ||     4

Table legend:
 A = Non-vault XP
 B = Vault XP
 C = Vault XP percentage of total XP
 D = Non-vault monster count
 E = Vault monster count
 F = Vault count percentage of total count
                 A         B        C        D         E       F
            +---------+---------+-------+---------+---------+-------
      Total |    4529 |    2671 |  37.1 |     151 |      19 |  11.2
            +---------+---------+-------+---------+---------+-------
        D:1 |      41 |       0 |   0.0 |      22 |       0 |   0.0
        D:2 |      22 |       6 |  21.4 |      11 |       6 |  35.3
        D:3 |     121 |       0 |   0.0 |      22 |       0 |   0.0
        D:4 |     351 |     286 |  44.9 |      10 |       1 |   9.1
        D:5 |     735 |     203 |  21.6 |      27 |       1 |   3.6
        D:6 |     587 |     100 |  14.6 |      13 |       1 |   7.1
        D:7 |     474 |       0 |   0.0 |      25 |       0 |   0.0
        D:8 |    2198 |    2076 |  48.6 |      21 |      10 |  32.3
            +---------+---------+-------+---------+---------+-------
